 Dungeon Crawl Stone Soup version 0.31-a0-234-gad7ace16ef (webtiles) character file.

Game seed: 11828021672011315335

630 qw the Shooter (level 7, -5/43 HPs)
             Began as a Gargoyle Hexslinger on July 9, 2023.
             Was an Initiate of Okawaru.
             Killed by divine providence
             ... invoked by an orc priest
              (15 damage)
             ... on level 5 of the Dungeon.
             The game lasted 00:01:25 (3187 turns).

qw the Shooter (Gargoyle Hexslinger)                Turns: 3187, Time: 00:01:25

Health: -5/43      AC: 12    Str: 11    XL:     7   Next: 48%
Magic:  8/8        EV: 11    Int: 14    God:    Okawaru [......]
Gold:   130        SH:  5    Dex: 14    Spells: 7/8 levels left

rFire   . . .        Y - +1 sling (freeze)
rCold   + . .        (no shield)
rNeg    + . .        m - +2 leather armour {rC+}
rPois   inf          (no helmet)
rElec   +            g - +0 cloak
rCorr   +            (no gloves)
SInv    .            e - +0 pair of boots
Will    .....        a - amulet of reflection
Stlth   +            j - ring of resist corrosion
HPRegen 0.27/turn    (no ring)
MPRegen 0.11/turn

%: reflection
@: about to teleport
A: sickness immunity, AC +4, negative energy resistance 1, electricity
resistance, torment resistance 1, petrification resistance
a: Renounce Religion


You were on level 5 of the Dungeon.
You worshipped Okawaru.
Okawaru was noncommittal.
You visited 1 branch of the dungeon, and saw 5 of its levels.

You collected 130 gold pieces.


Innate Abilities, Weirdness & Mutations

You are immune to sickness and miasma.
Your stone body is resilient. (AC +4)
You are immune to poison.
You resist negative energy. (rN+)
You are resistant to electric shocks. (rElec)
You are resistant to unholy torment.
You are immune to petrification.


   Skills:
 - Level 4.1 Fighting
 + Level 7.1 Ranged Weapons
 - Level 1.0 Armour
 - Level 1.5 Dodging
 - Level 1.0 Spellcasting
 - Level 2.6 Hexes


You had 7 spell levels left.
You knew the following spells:

 Your Spells              Type           Power      Damage    Failure   Level
a - Slow                  Hex            32%        N/A       12%         1

Your spell library contained the following spells:

 Spells                   Type           Power      Damage    Failure   Level
 Inner Flame              Hex/Fire       4%         N/A       52%         3
 Portal Projectile        Hex/Tloc       8%         N/A       52%         3
 Cause Fear               Hex            4%         N/A       75%         4

Inventory:

Hand Weapons
 Y - a +1 sling of freezing (weapon)
Armour
 e - a +0 pair of boots (worn)
 g - a +0 cloak (worn)
 m - a +2 leather armour of cold resistance (worn)
Jewellery
 a - an amulet of reflection (around neck)
 j - a ring of resist corrosion (left hand)
Scrolls
 c - a scroll of identify
 f - a scroll of teleportation
Potions
 h - a potion of cancellation {unknown}
 i - a potion of degeneration {unknown}
 k - a potion of mutation {unknown}
 l - a potion of resistance {unknown}
 n - a potion of curing {unknown}

Dungeon Overview and Level Annotations

Branches:
Dungeon (5/15)
 Temple: D:4-7

Altars:
Okawaru
The Shining One

Shops:
D:3 *

Annotations:
D:3 2 transporters


Message History

You shoot a sling bullet.
The sling bullet closely misses the orc wizard.
The sling bullet hits the orc priest.
The sling bullet freezes the orc priest.
The orc priest is heavily wounded.
An orc wizard comes into view.
It is wielding a +2 dagger of protection.
The orc wizard casts a spell at you. The puff of flame misses you.
The orc priest calls upon Beogh to heal the orc wizard.
The orc wizard's wounds heal themselves!
You shoot a sling bullet. The sling bullet hits the orc wizard.
The sling bullet freezes the orc wizard.
The orc wizard is moderately wounded.
You shoot a sling bullet.
The sling bullet barely misses the orc priest.
You block the orc wizard's attack.
The orc priest hits you but does no damage.
You shoot a sling bullet.
The sling bullet closely misses the orc priest.
The sling bullet hits the orc wizard but does no damage.
The orc wizard hits you but does no damage.
The orc priest hits you but does no damage.
You shoot a sling bullet.
The sling bullet closely misses the orc priest.
The sling bullet hits the orc wizard but does no damage.
The orc wizard casts a spell.
The orc wizard flickers and vanishes!
Deactivating autopickup; reactivate with Ctrl-A.
The orc wizard points at you and mumbles some strange words.
The puff of flame hits you!
The orc priest hits you but does no damage.
The orc wizard points at you and mumbles some strange words.
The puff of flame hits you.
The orc priest hits you with a +0 short sword.
3187 ||| READING 2 scrolls of teleportation.
As you read the scroll of teleportation, it crumbles to dust.
You feel strangely unstable.
The orc priest invokes the aid of Beogh against you.
Beogh smites you!
You die...

.o
#####o...
#{o.ooo..
###o#
#.o@#
#.### #.#
#.# #.#
#.# #.#
#.###.#
#.#...#
#.#.###
#.#.#


You could see an orc priest and 2 orc wizards.

Vanquished Creatures
  Sigmund (D:4)
  Eustachio (D:4)
  A water moccasin (D:4)
  A scorpion (D:4)
  A sleepcap (D:5)
  An orc wizard (D:5)
  4 adders
  An ufetubus (D:4)
  A worm (D:2)
  2 dart slugs
  11 orcs
  2 endoplasms
  A giant cockroach (D:2)
  8 goblins
  9 hobgoblins
  2 jackals (D:3)
  5 kobolds
  3 quokkas
  7 ball pythons
  4 bats
  3 frilled lizards
  9 rats
78 creatures vanquished.

Notes
Turn   | Place    | Note
-------+----------+-------------------------------------------
     0 | D:1      | qw the Gargoyle Hexslinger began the quest for the Orb.
     0 | D:1      | Reached XP level 1. HP: 12/12 MP: 2/2
     0 | D:1      | 0 ||| qw: Version: 0.3-a-51-g015441d
     0 | D:1      | 0 ||| qw: Game counter: 4078
     0 | D:1      | 0 ||| qw: Melee chars always use a shield: true
     0 | D:1      | 0 ||| qw: God list: Okawaru
     0 | D:1      | 0 ||| qw: Allow faded altars: false
     0 | D:1      | 0 ||| qw: Do Orc after clearing Dungeon:15 true
     0 | D:1      | 0 ||| qw: Do second Lair branch before Depths: true
     0 | D:1      | 0 ||| qw: Lair rune preference: random
     0 | D:1      | 0 ||| qw: Goals: Normal
     0 | D:1      | 0 ||| PLANNING D:1-11
   183 | D:1      | Reached XP level 2. HP: 16/16 MP: 3/3
   381 | D:1      | Reached skill level 3 in Ranged Weapons
   631 | D:1      | 631 ||| UPGRADING to +0 cloak.
   636 | D:1      | 636 ||| READING scroll labelled NERGHE IPURR.
   637 | D:1      | 637 ||| READING scroll labelled YGUF MUUPSI.
   638 | D:1      | 638 ||| READING scroll labelled MYDE DUSEOTSAC.
   639 | D:1      | 639 ||| READING scroll labelled RUAGUT HABLEU.
   640 | D:1      | 640 ||| DROPPING scroll of poison.
   662 | D:2      | 662 ||| STAIRDANCE
   680 | D:2      | Reached XP level 3. HP: 21/21 MP: 4/4
   944 | D:2      | Identified the +1 leather armour "Asukh" {rN+ Int+4 Dex-4}
  1104 | D:2      | Reached XP level 4. HP: 26/26 MP: 5/5
  1341 | D:2      | 1341 ||| DROPPING +1 leather armour "Asukh" {rN+ Int+4
                  | Dex-4}.
  1342 | D:2      | 1342 ||| UPGRADING to amulet of reflection.
  1347 | D:2      | 1347 ||| DROPPING ring of magical power.
  1348 | D:2      | 1348 ||| READING scroll labelled KISES ACRI.
  1349 | D:2      | 1349 ||| READING 4 scrolls labelled XOEPSE FAUTT.
  1531 | D:3      | Identified the +6 hand axe "Nuule" {flame, rElec rCorr}
  1542 | D:3      | Found a transporter.
  1542 | D:3      | Found Xaonaed's Assorted Antiques.
  1996 | D:3      | Found a transporter.
  2016 | D:3      | 2016 ||| UPGRADING to +0 ring mail.
  2026 | D:3      | 2026 ||| DROPPING +0 robe.
  2027 | D:3      | 2027 ||| UPGRADING to ring of resist corrosion.
  2028 | D:3      | 2028 ||| READING scroll labelled JACIACIUPS.
  2129 | D:3      | 2129 ||| READING scroll labelled VYSAISMUTU.
  2176 | D:4      | Reached skill level 1 in Armour
  2184 | D:4      | Noticed Sigmund
  2194 | D:4      | HP: 6/26 [Sigmund/+0 scythe (10)]
  2196 | D:4      | HP: 2/26 [Sigmund/puff of flame (5)]
  2199 | D:4      | 2199 ||| READING 3 scrolls of teleportation.
  2237 | D:4      | 2237 ||| FLEEEEING.
  2288 | D:4      | Noticed Eustachio
  2297 | D:4      | Killed Sigmund
  2298 | D:4      | Reached skill level 5 in Ranged Weapons
  2298 | D:4      | Reached XP level 5. HP: 21/30 MP: 6/6
  2298 | D:4      | Reached XP level 6. HP: 24/35 MP: 7/7
  2300 | D:4      | 2300 ||| FLEEEEING.
  2301 | D:4      | 2301 ||| FLEEEEING.
  2302 | D:4      | 2302 ||| FLEEEEING.
  2303 | D:4      | 2303 ||| FLEEEEING.
  2304 | D:4      | 2304 ||| FLEEEEING.
  2311 | D:4      | 2311 ||| STAIRDANCE
  2345 | D:4      | 2345 ||| STAIRDANCE
  2377 | D:4      | 2377 ||| FLEEEEING.
  2380 | D:4      | 2380 ||| STAIRDANCE
  2442 | D:4      | Killed Eustachio
  2563 | D:4      | Found an iron altar of Okawaru.
  2564 | D:4      | 2564 ||| PLANNING OKAWARU WORSHIP
  2564 | D:4      | 2564 ||| UPGRADING to +0 pair of boots.
  2575 | D:4      | Became a worshipper of Warmaster Okawaru
  2576 | D:4      | 2576 ||| PLANNING D:1-11
  2720 | D:4      | Reached skill level 6 in Ranged Weapons
  2720 | D:4      | Reached XP level 7. HP: 31/43 MP: 8/8
  2871 | D:4      | Found a glowing golden altar of the Shining One.
  3023 | D:4      | 3023 ||| UPGRADING to +2 leather armour of cold resistance.
  3033 | D:4      | 3033 ||| DROPPING +0 ring mail.
  3034 | D:4      | 3034 ||| READING 2 scrolls of identify.
  3034 | D:4      | 3034 ||| IDENTIFYING viscous sapphire potion
  3035 | D:4      | 3035 ||| DROPPING potion of berserk rage.
  3056 | D:5      | Entered Level 5 of the Dungeon
  3067 | D:5      | 3067 ||| STAIRDANCE
  3165 | D:5      | 3165 ||| Stepping ~*~*~tactically~*~*~ (outnumbered).
  3171 | D:5      | Reached skill level 7 in Ranged Weapons
  3186 | D:5      | HP: 10/43 [orc priest/+0 short sword (1)]
  3187 | D:5      | 3187 ||| READING 2 scrolls of teleportation.
  3187 | D:5      | Killed from afar by an orc priest

Levels and vault maps discovered:
D:1:      minmay_arrival_checkered_box, layout_loops_cross
D:2:      layout_loops_ring, kennysheep_generic_room_14
D:3:      layout_loops_ring, serial_shops, nicolae_shop_drivethru,
          grunt_decor_mini_mirrors, nicolae_figureground_pulse
D:4:      layout_basic, lemuel_tele_altar, tso_altar, uniq_sigmund,
          uniq_eustachio
D:5:      minmay_spotlight, layout_loops_ring, minmay_temple_entry_trees

Skill      XL: |  1  2  3  4  5  6  7 |
---------------+----------------------+-----
Ranged Weapons | 3 5 6 7 |  7.1
Fighting       | 2 4 |  4.1
Armour         | 1 |  1.0
Dodging        | |  1.5
Spellcasting   | |  1.0
Hexes          | |  2.6

Action                     |  1- 3 |  4- 6 |  7- 9 || total
---------------------------+-------+-------+-------++-------
   Fire: Sling             |   105 |   145 |    51 ||   301
    Use: Scroll            |     4 |     5 |     2 ||    11
 Armour: Robe              |    15 |     7 |       ||    22
         Ring mail         |       |    38 |     1 ||    39
         Leather armour    |       |       |    11 ||    11
  Dodge: Dodged            |    30 |    66 |    10 ||   106
  Block: Other             |       |    28 |     7 ||    35
         Reflection        |       |     1 |     2 ||     3

Table legend:
 A = Non-vault XP
 B = Vault XP
 C = Vault XP percentage of total XP
 D = Non-vault monster count
 E = Vault monster count
 F = Vault count percentage of total count
                 A         B        C        D         E       F
            +---------+---------+-------+---------+---------+-------
      Total |     493 |     408 |  45.3 |      74 |       4 |   5.1
            +---------+---------+-------+---------+---------+-------
        D:1 |      31 |       0 |   0.0 |      21 |       0 |   0.0
        D:2 |      50 |       3 |   5.7 |      15 |       2 |  11.8
        D:3 |      15 |       0 |   0.0 |       8 |       0 |   0.0
        D:4 |     315 |     405 |  56.2 |      25 |       2 |   7.4
        D:5 |      82 |       0 |   0.0 |       5 |       0 |   0.0
            +---------+---------+-------+---------+---------+-------
